 Dungeon Crawl Stone Soup version 0.24-a0-462-ge24419a6ad (console) character file.

Game seed: 15904620227395155623

35 Lexodia the Shield-Bearer (level 3, 0/29 HPs)
             Began as a Demonspawn Fighter on July 2, 2019.
             Was an Initiate of Ashenzari.
             Slain by a howler monkey (5 damage)
             ... on level 3 of the Dungeon.
             The game lasted 00:01:26 (794 turns).

Lexodia the Shield-Bearer (Demonspawn Fighter)       Turns: 794, Time: 00:01:26

Health: 0/29       AC:  6    Str: 17    XL:     3   Next: 16%
Magic:  3/3        EV:  7    Int:  9    God:    Ashenzari [......]
Gold:   50         SH:  9    Dex: 12    Spells: 2/2 levels left

rFire    . . .     SeeInvis .   a - +0 war axe
rCold    . . .     Gourm    .   c - +0 shield
rNeg     . . .     Faith    .   b - +0 scale mail
rPois    .         Spirit   .   (no helmet)
rElec    .         Reflect  .   (no cloak)
rCorr    .         Harm     .   (no gloves)
MR       .....                  (no boots)
Stlth    ..........             (no amulet)
HPRegen  0.09/turn              (no ring)
MPRegen  0.08/turn              (no ring)

@: no status effects
A: talons 1, powered by pain 1
a: Curse Item, Renounce Religion


You were on level 3 of the Dungeon.
You worshipped Ashenzari.
Ashenzari was noncommittal.
You were not hungry.

You visited 1 branch of the dungeon, and saw 4 of its levels.

You collected 50 gold pieces.

Inventory:

Hand Weapons
 a - a +0 war axe (weapon)
Armour
 b - a +0 scale mail (worn)
 c - a +0 shield (worn)
Scrolls
 e - 2 scrolls of identify {unknown}
 h - 2 scrolls of enchant armour {unknown}
Potions
 d - a potion of might
 i - 2 potions of heal wounds {unknown}
Comestibles
 f - 2 rations
 g - 9 chunks of flesh


   Skills:
 - Level 3.0 Fighting
 * Level 2.3 Axes
 - Level 3.0 Armour
 * Level 3.3 Shields


You had 2 spell levels left.
You didn't know any spells.
Your spell library was empty.

Dungeon Overview and Level Annotations

Branches:
Dungeon (4/15)
 Temple: D:4-7

Altars:
Ashenzari


Innate Abilities, Weirdness & Mutations

You have sharp toenails.
You sometimes gain a little power by taking damage.


Message History

You block the howler monkey's attack. x2
You closely miss the howler monkey.
The howler monkey is severely wounded.
The howler monkey hits you but does no damage.
The howler monkey hoots and howls with incredible vigour!
You hear a shout!
You closely miss the howler monkey. Your kick misses the howler monkey.
The howler monkey is severely wounded.
The howler monkey barely misses you.
You hit the howler monkey but do no damage.
You claw the howler monkey, but do no damage.
The howler monkey is severely wounded.
The howler monkey hits you.
* * * LOW HITPOINT WARNING * * *
The howler monkey closely misses you.
Huge Dmg: -14%(-4hp) hp: 18%(5hp)
You hit the howler monkey.
The howler monkey is severely wounded.
The howler monkey hits you.
You die...

#.#
#.#
#.#
#.#
##..
..#
#.#
#h#
#@#
#†#
#.#
#.#
#.#
..#
###


You could see a howler monkey.

Vanquished Creatures
  An adder (D:2)
  An ooze (D:1)
  2 bats
  3 giant cockroaches
  A goblin (D:1)
  3 hobgoblins
  4 jackals (D:2)
  2 frilled lizards
  A kobold (D:1)
  2 rats
20 creatures vanquished.

Notes
Turn   | Place    | Note
-------+----------+-------------------------------------------
     0 | D:1      | Lexodia the Demonspawn Fighter began the quest for the Orb.
     0 | D:1      | Reached XP level 1. HP: 18/18 MP: 1/1
   326 | D:1      | Gained mutation: You have sharp toenails. [demonic
                  | ancestry]
   326 | D:1      | Reached XP level 2. HP: 18/24 MP: 2/2
   436 | D:1      | Found a shattered altar of Ashenzari.
   629 | D:1      | Became a worshipper of Ashenzari the Shackled
   726 | D:2      | Huge Dmg: 3 dmg
   729 | D:2      | Gained mutation: You sometimes gain a little power by
                  | taking damage. [demonic ancestry]
   729 | D:2      | Reached XP level 3. HP: 11/29 MP: 3/3
   783 | D:4      | Noticed an ogre
   784 | D:4      | Huge Dmg: 5 dmg
   794 | D:3      | Huge Dmg: 4 dmg
   794 | D:3      | Slain by a howler monkey

Levels and vault maps discovered:
D:1:      dpeg_arrival_court, layout_loops_ring, nicolae_ashenzari_panopticon
D:2:      layout_basic, first_ration, chequers_serial_rivers_large_a
D:3:      layout_loops_ring, uniq_ijyb, uniq_grinder
D:4:      layout_gridville, grunt_gozag_statues, serial_forest,
          infiniplex_forest_end_2, infiniplex_forest_lined_3,
          infiniplex_forest_lined_3_way, infiniplex_forest_lined_4_way,
          infiniplex_forest_clump_small, infiniplex_forest_end_double,
          grunt_dithmenos_shadows

Skill      XL: |  1  2 |
---------------+-------+-----
Axes           | 2 |  2.3
Shields        | 3 |  3.3
Armour         | 3 |  3.0
Fighting       | |  3.0

Action                   || total
-------------------------++-------
Melee: War axe           ||    68
       Kick              ||     4
Armor: Scale mail        ||    57
Dodge: Dodged            ||    30
Block: Shield            ||    38

Table legend:
 A = Non-vault XP
 B = Vault XP
 C = Vault XP percentage of total XP
 D = Non-vault monster count
 E = Vault monster count
 F = Vault count percentage of total count
                 A         B        C        D         E       F
            +---------+---------+-------+---------+---------+-------
      Total |      50 |       0 |   0.0 |      20 |       0 |   0.0
            +---------+---------+-------+---------+---------+-------
        D:1 |      19 |       0 |   0.0 |       8 |       0 |   0.0
        D:2 |      30 |       0 |   0.0 |      11 |       0 |   0.0
        D:3 |       1 |       0 |   0.0 |       1 |       0 |   0.0
            +---------+---------+-------+---------+---------+-------
